 Dungeon Crawl Stone Soup version 0.28.0-53-g5a82cb258f (webtiles) character file.

Game seed: 1657697536136994855

120 DocClef the Skirmisher (level 4, 0/44 HPs)
             Began as a Draconian Fighter on June 15, 2022.
             Slain by an orc wizard
             ... wielding a +0 dagger
              (3 damage)
             ... on level 3 of the Dungeon.
             The game lasted 00:03:01 (1427 turns).

DocClef the Skirmisher (Draconian Fighter)          Turns: 1427, Time: 00:03:02

Health: 0/44       AC:  7    Str: 20    XL:     4   Next: 75%
Magic:  4/4        EV: 11    Int:  9    God:
Gold:   60         SH:  0    Dex: 10    Spells: 3/3 levels left

rFire   . . .      SeeInvis .   a - +0 war axe
rCold   + . .      Faith    .   b - +0 buckler
rNeg    . . .      Spirit   .   (armour unavailable)
rPois   .          Reflect  .   (helmet restricted)
rElec   .          Harm     +   g - +1 cloak of the Elven Halls {Harm +Inv rC+}
rCorr   .          Rampage  .   (no gloves)
Will    .....                   (no boots)
Stlth   +.........              (no amulet)
HPRegen 0.14/turn               (no ring)
MPRegen 0.09/turn               (no ring)

@: confused
A: AC +5, unfitting armour, cold-blooded
a: Evoke Invisibility


You were on level 3 of the Dungeon.
You visited 1 branch of the dungeon, and saw 3 of its levels.

You collected 60 gold pieces.

Inventory:

Hand Weapons
 a - a +0 war axe (weapon)
Armour
 b - a +0 buckler (worn)
 g - the +1 cloak of the Elven Halls (worn) {Harm +Inv rC+}
   (You found it on level 2 of the Dungeon)

   rC:        It protects you from cold.
   +Inv:      It lets you turn invisible.
   Harm:      It increases damage dealt and taken.
Scrolls
 d - 3 scrolls of identify {unknown}
 e - a scroll of fog {unknown}
 f - a scroll of immolation {unknown}
 h - a scroll of enchant armour {unknown}
 j - 3 scrolls of holy word {unknown}
Potions
 c - a potion of might
 i - a potion of attraction {unknown}
 k - a potion of curing {unknown}


   Skills:
 + Level 6.1 Fighting
 - Level 2.0 Axes
 - Level 2.6 Dodging
 - Level 3.0 Shields


You had 3 spell levels left.
You didn't know any spells.
Your spell library was empty.

Dungeon Overview and Level Annotations

Branches:
Dungeon (3/15)

Altars:


Innate Abilities, Weirdness & Mutations

Your plain brown scales are hard. (AC +5)
You cannot fit into any form of body armour.
You are cold-blooded and may be slowed by cold attacks.


Message History

* * * LOW HITPOINT WARNING * * *
Your Fighting skill increases to level 6!
You closely miss the ball python. You hit the kobold but do no damage.
You barely miss something. You block the kobold's attack.
Something hits you but does no damage. You block the ball python's attack.
The ball python constricts you.
* * * LOW HITPOINT WARNING * * *
The kobold barely misses you. Something hits you but does no damage.
The ball python bites you but does no damage.
The ball python constricts you.
You slash the ball python!
You kill the ball python!
You closely miss something. You hit the kobold.
You kill the kobold!
You hear some strange, mumbled words.
Something tries to affect you, but you resist.
You barely miss something. Something hits you but does no damage.
You completely miss something. Something completely misses you.
You hear some strange, mumbled words.
Something tries to affect you, but you resist.
You hit something. Something hits you but does no damage.
You hit something but do no damage. You block something's attack.
Something hits you but does no damage.
You closely miss something. Something hits you but does no damage.
You barely miss something. Something hits you but does no damage.
You hear some strange, mumbled words.
You are confused.
Something hits you but does no damage.
Things that are here:
a +0 dagger; a +2 robe of positive energy Something hits you.
* * * LOW HITPOINT WARNING * * *
You closely miss something.
Your tail-slap misses something.
Something hits you.
* * * LOW HITPOINT WARNING * * *
You completely miss something. Something hits you but does no damage.
Something hits you.
* * * LOW HITPOINT WARNING * * *
Something hits you.
You die...

#...........#
#...........# .
#...........# ..
#...........# . ...
#...........#.. ....
#..............
.....##.######......
#......###.........
#........@..)......
#.........{))......
#+##...............
......###.........
.......# #.).......
#.......# #.).......
#.......# #.........
#.......# #.........
.... #####.....


There were no monsters in sight!

Vanquished Creatures
  A centaur skeleton (D:2)
  2 orc wizards (D:3)
  A worm (D:2)
  A dart slug (D:2)
  7 orcs (D:3)
  4 bats
  4 endoplasms
  A giant cockroach (D:2)
  A goblin (D:2)
  2 hobgoblins (D:2)
  2 kobolds
  2 quokkas
  2 ball pythons (D:3)
  A frilled lizard (D:2)
  3 rats
34 creatures vanquished.

Notes
Turn   | Place    | Note
-------+----------+-------------------------------------------
     0 | D:1      | DocClef the Draconian Fighter began the quest for the Orb.
     0 | D:1      | Reached XP level 1. HP: 19/19 MP: 1/1
   143 | D:1      | Found a faded altar of an unknown god.
   533 | D:2      | Identified the +1 cloak of the Elven Halls {Harm +Inv rC+}
   578 | D:2      | Reached skill level 4 in Fighting
   578 | D:2      | Reached XP level 2. HP: 18/27 MP: 2/2
   604 | D:2      | Reached XP level 3. HP: 27/35 MP: 3/3
   862 | D:2      | Reached skill level 5 in Fighting
  1209 | D:3      | Reached XP level 4. HP: 19/44 MP: 4/4
  1415 | D:3      | Reached skill level 6 in Fighting
  1427 | D:3      | Slain by an orc wizard

Illustrated notes

Levels and vault maps discovered:
D:1:      dpeg_arrival_shelter, layout_loops_cross,
          ebering_ecumenical_altar_abandoned
D:2:      layout_basic
D:3:      layout_basic, mainiacjoe_overflow_boulevard

Skill      XL: |  1  2  3  4 |
---------------+-------------+-----
Fighting       | 4 5 6 |  6.1
Axes           | |  2.0
Dodging        | |  2.6
Shields        | |  3.0

Action                   |  1- 3 |  4- 6 || total
-------------------------+-------+-------++-------
Melee: War axe           |    63 |    19 ||    82
       Tailslap          |     7 |     1 ||     8
Armor: Skin              |    32 |    20 ||    52
Dodge: Dodged            |    42 |     8 ||    50
Block: Buckler           |    16 |     6 ||    22
